 Dungeon Crawl Stone Soup version 0.29.1-14-g9c671dbff4 (webtiles) character file.

Game seed: 15802112048943238680

4 VictoriousLee the Caller (level 1, 0/10 HPs)
             Began as a Tengu Summoner on Feb 13, 2023.
             Slain by a ball python (2 damage)
             ... on level 1 of the Dungeon.
             The game lasted 00:02:30 (148 turns).

VictoriousLee the Caller (Tengu Summoner)            Turns: 148, Time: 00:02:30

Health: 0/10       AC:  2    Str:  8    XL:     1   Next: 60%
Magic:  0/4        EV: 16    Int: 15    God:
Gold:   9          SH:  0    Dex: 14    Spells: 3/4 levels left

rFire   . . .      SeeInvis .   (no weapon)
rCold   . . .      Faith    .   (no shield)
rNeg    . . .      Spirit   .   a - +0 robe
rPois   .          Reflect  .   (helmet restricted)
rElec   .          Harm     .   (no cloak)
rCorr   .          Rampage  .   (no gloves)
Will    .....                   (boots unavailable)
Stlth   ++........              (no amulet)
HPRegen 0.03/turn               c - +4 ring of evasion
MPRegen 0.09/turn               (no ring)

@: no status effects
A: beak, talons 3
a: no special abilities


You were on level 1 of the Dungeon.
You visited 1 branch of the dungeon, and saw 1 of its levels.

You collected 9 gold pieces.

Inventory:

Armour
 a - a +0 robe (worn)
Jewellery
 c - a +4 ring of evasion (left hand)
Scrolls
 d - a scroll of immolation {unknown}
Potions
 b - a potion of magic


   Skills:
 - Level 2.1 Dodging
 - Level 2.0 Stealth
 - Level 2.0 Spellcasting
 + Level 5.1 Summonings


You had 3 spell levels left.
You knew the following spells:

 Your Spells              Type           Power      Damage    Failure   Level
a - Summon Small Mammal   Summ           64%        N/A       2%          1

Your spell library contained the following spells:

 Spells                   Type           Power      Damage    Failure   Level
 Call Imp                 Summ           16%        N/A       4%          2
 Call Canine Familiar     Summ           16%        N/A       9%          3
 Summon Guardian Golem    Hex/Summ       9%         N/A       24%         3
 Summon Lightning Spire   Summ/Air       9%         N/A       61%         4


Dungeon Overview and Level Annotations

Branches:
Dungeon (1/15)

Altars:


Innate Abilities, Weirdness & Mutations

You have a beak for a mouth.
You have claws for feet.


Message History

The hobgoblin barely misses you. The hobgoblin attacks as you move away!
The hobgoblin completely misses you.
Your bat closely misses the hobgoblin.
The hobgoblin attacks as you move away! The hobgoblin closely misses you.
Your bat hits the kobold. Your bat hits the ball python.
The ball python attacks as you move away!
The ball python bites you but does no damage.
The ball python barely misses you.
Your bat hits the kobold. The ball python barely misses your bat.
The ball python closely misses your bat.
Your bat misses the ball python.
The ball python attacks as you move away!
The ball python barely misses you. The ball python closely misses you. x3
Casting: Summon Small Mammal (safe; 2% risk of failure)
Press: ? - help, Q - select action Dir - look around, f - activate The ball python bites you.
The ball python barely misses you.
The ball python attacks as you move away!
The ball python misses you. The ball python closely misses you.
You closely miss the ball python. The ball python closely misses you. x2
Your quokka bites the ball python.
The ball python dies!
The hobgoblin hits your quokka.
Your quokka bites the hobgoblin.
The hobgoblin hits your quokka but does no damage.
The ball python bites you. The ball python grabs you.
The ball python constricts you.
You barely miss the ball python.
Your quokka bites the hobgoblin.
The hobgoblin hits your quokka.
Your quokka dies!
Your quokka's corpse disappears in a puff of smoke!
The ball python bites you.
* * * LOW HITPOINT WARNING * * *
The ball python constricts you.
* * * LOW HITPOINT WARNING * * *
The hobgoblin shouts!
You escape the ball python's grasp.
Casting: Summon Small Mammal (safe; 2% risk of failure)
Press: ? - help, Q - select action Dir - look around, f - activate The ball python bites you.
You die...

#.. ...#########.#######
...#.....#.#.#......
..#.###.#.#.#.####.
..#.#...#.#.#.#.<#.
#.#.#####.#.#.#.##.
#.#.......#.#.#....
###.#######.#.#.#####
###...@b...............
##...#S#.##############.
#..###g#...# #.##..g#.#.#
#.##.#K#.#.#
#####.#..#.#.# #
#..........#.#
#..........##############
#.............g.........#


You could see 2 hobgoblins, a ball python (ally target), a kobold and a friendly
bat (summoned).

Vanquished Creatures (collateral kills)
  A goblin (D:1)
  2 ball pythons (D:1)
  A rat (D:1)
4 creatures vanquished.

Notes
Turn   | Place    | Note
-------+----------+-------------------------------------------
     0 | D:1      | VictoriousLee the Tengu Summoner began the quest for the
                  | Orb.
     0 | D:1      | Reached XP level 1. HP: 10/10 MP: 4/4
   132 | D:1      | Reached skill level 5 in Summonings
   148 | D:1      | Slain by a ball python

Illustrated notes

Levels and vault maps discovered:
D:1:      matt_arrival_spirals, layout_rooms, nicolae_kite_square_tiling_tiny

Skill      XL: |  1 |
---------------+----+-----
Summonings     | 5 |  5.1
Dodging        | |  2.1
Stealth        | |  2.0
Spellcasting   | |  2.0

Action                   || total
-------------------------++-------
Melee: Unarmed           ||     9
       Kick              ||     1
 Cast: Summon Small Mamm ||    11
Armor: Robe              ||     1
Dodge: Dodged            ||    17
